 Dungeon Crawl Stone Soup version 0.31.0-32-g396128a36d (webtiles) character file.

Game seed: 4914057003851424933

101 Alphaeus the Ruffian (level 4, 0/41 HPs)
             Began as a Troll Shapeshifter on Mar 19, 2024.
             Slain by an ice beast (12 damage)
             ... on level 3 of the Dungeon.
             The game lasted 00:01:10 (1137 turns).

Alphaeus the Ruffian (Troll Shapeshifter)           Turns: 1137, Time: 00:01:11

Health: 0/41       AC:  4    Str: 24    XL:     4   Next: 48%
Magic:  3/3        EV:  9    Int:  6    God:
Gold:   69         SH:  0    Dex:  9    Spells: 3/3 levels left

rFire   . .          .
                       - Unarmed
rCold   . . .        (no shield)
rNeg    . . .        a - +0 animal skin
rPois   .            (helmet currently unavailable)
rElec   .            (cloak currently unavailable)
rCorr   .            (gloves unavailable)
SInv    .            (boots unavailable)
Will    .....        (no amulet)
Stlth   +            (no ring)
HPRegen 1.06/turn    (no ring)
MPRegen 0.08/turn

%: no passive effects
@: beast-form
A: beast (slay +2), large, unfitting armour, claws 3, regeneration 1, shaggy fur
1, tough skin 1
a: Begin Untransformation


You were on level 3 of the Dungeon.
You were a hulking beast.
You visited 1 branch of the dungeon, and saw 3 of its levels.

You collected 69 gold pieces.

Inventory:

Armour
 a - a +0 animal skin (worn)
 i - an orb of guile
Talismans
 c - a beast talisman
 d - a flux talisman
Scrolls
 f - a scroll of teleportation {unknown}
 h - a scroll of identify {unknown}
 k - a scroll of vulnerability {unknown}
Potions
 b - a potion of lignification
 e - a potion of heal wounds {unknown}
 g - a potion of brilliance {unknown}
 j - 2 potions of cancellation {unknown}


   Skills:
 + Level 1.6 Fighting
 - Level 1.5 Dodging
 * Level 4.0 Unarmed Combat
 * Level 3.9 Shapeshifting


You had 3 spell levels left.
You didn't know any spells.
Your spell library contained the following spells:

 Spells                   Type           Power      Damage    Failure   Level
 Sandblast                Erth           0%         2d4       45%         1
 Static Discharge         Conj/Air       0%         3-3/arc   58%         2
 Passwall                 Erth           0%         N/A       83%         3
 Stone Arrow              Conj/Erth      0%         3d7       83%         3
 Airstrike                Air            0%         2d(0-16)  99%         4
 Brom's Barrelling Bould  Conj/Erth      0%         2d3       99%         4
 Summon Lightning Spire   Summ/Air       0%         N/A       99%         4


Dungeon Overview and Level Annotations

Branches:
Dungeon (3/15)

Altars:

Shops:
D:2 [


Innate Abilities, Weirdness & Mutations

You are a hulking beast.
Your limbs bulge with bestial killing power. (Slay +2)
You are too large for most types of armour.
You have claws for hands.
Your natural rate of healing is unusually fast.
You are covered in fur. (AC +1)
You have tough skin. (AC +1)


Message History

There is a stone staircase leading up here.
There are monsters nearby!
You scratch the ribbon worm.
The ribbon worm is moderately wounded.
There are monsters nearby!
You barely miss the ribbon worm.
The ribbon worm is moderately wounded.
The ribbon worm bites you.
You scratch the ribbon worm.
The ribbon worm is heavily wounded.
The ribbon worm bites you.
You barely miss the ribbon worm.
The ribbon worm is heavily wounded.
You claw the ribbon worm!
The ribbon worm is almost dead.
The ribbon worm bites you.
You scratch the ribbon worm.
You kill the ribbon worm!
The ice beast hits you but does no damage.
You claw the ice beast!
The ice beast is heavily wounded.
The ice beast barely misses you.
You scratch the ice beast.
The ice beast is heavily wounded.
The ice beast hits you. The ice beast freezes you!
You completely miss the ice beast.
The ice beast is heavily wounded.
The ice beast hits you. The ice beast freezes you!
* * * LOW HITPOINT WARNING * * *
You are too injured to fight recklessly!
You are too injured to fight recklessly!
You barely miss the ice beast.
The ice beast is heavily wounded.
The ice beast hits you but does no damage.
You scratch the ice beast but do no damage.
The ice beast is heavily wounded.
The ice beast hits you.
* * * LOW HITPOINT WARNING * * *
The ice beast freezes you!
You die...

# ## ###. #.#
..... #.#
.>....###.######
#.Yh<.......
......#########.
..... #.#. # #


You could see an ice beast.

Vanquished Creatures
  Robin (D:2)
  A gnoll (D:1)
  3 adders (D:2)
  2 ribbon worms
  4 bats
  8 endoplasms
  2 giant cockroaches (D:2)
  2 hobgoblins
  4 jackals (D:1)
  A quokka (D:1)
  3 ball pythons
  A frilled lizard (D:1)
  7 goblins (D:2)
  2 kobolds (D:2)
  7 rats
48 creatures vanquished.

Notes
Turn   | Place    | Note
-------+----------+-------------------------------------------
     0 | D:1      | Alphaeus the Troll Shapeshifter began the quest for the
                  | Orb.
     0 | D:1      | Reached XP level 1. HP: 18/18 MP: 0/0
    43 | D:1      | Reached skill level 1 in Fighting
    55 | D:1      | Reached XP level 2. HP: 27/27 MP: 1/1
   300 | D:1      | Found a faded altar of an unknown god.
   349 | D:1      | Reached XP level 3. HP: 33/33 MP: 2/2
   592 | D:2      | Noticed Robin
   601 | D:2      | Killed Robin
   795 | D:2      | Reached XP level 4. HP: 41/41 MP: 3/3
   911 | D:2      | Found Kymemog's Antique Armour Boutique.
   941 | D:2      | Reached skill level 4 in Unarmed Combat
  1125 | D:3      | Noticed an ice beast
  1137 | D:3      | Slain by an ice beast

Illustrated notes

Levels and vault maps discovered:
D:1:      psy_arrival_spokes, layout_basic,
          shapermc_ecumenical_altar_notcrosses, feat_on_display
D:2:      layout_basic, serial_shops, shop, uniq_robin
D:3:      layout_loops_ring, mainiacjoe_overflow_paths,
          nicolae_overflow_crystal_walls, uniq_terence

Skill      XL: |  1  2  3  4 |
---------------+-------------+-----
Fighting       | 1 |  1.6
Unarmed Combat | 4 |  4.0
Dodging        | |  1.5
Shapeshifting  | |  3.9

Action                     |  1- 3 |  4- 6 || total
---------------------------+-------+-------++-------
  Melee: Unarmed           |    59 |    38 ||    97
         Punch             |     1 |       ||     1
   Stab: Sleeping          |     1 |     1 ||     2
 Armour: Animal skin       |    44 |    24 ||    68
  Dodge: Dodged            |    17 |    20 ||    37
